 Dungeon Crawl Stone Soup version 0.17.0-28-g6e173f8 (console) character file.

37 gw the Skirmisher (level 3, 0/33 HPs)
             Began as a Minotaur Abyssal Knight on Nov 22, 2015.
             Was a Follower of Lugonu.
             Succumbed to an adder's poison
             ... on level 2 of the Dungeon.
             The game lasted 00:00:41 (971 turns).

gw the Skirmisher (Minotaur Abyssal Knight)          Turns: 971, Time: 00:00:41

Health: 0/33       AC:  5    Str: 16    XL:     3   Next: 23%
Magic:  3/3        EV: 10    Int:  9    God:    Lugonu [*.....]
Gold:   40         SH:  0    Dex: 10    Spells: 0 memorised, 2 levels left

rFire  . . .     SeeInvis +     b - +1 mace
rCold  . . .     Clarity  .     f - +0 ring mail
rNeg   . . .     SustAt   .     (no shield)
rPois  .         Gourm    .     (helmet restricted)
rElec  .         Spirit   .     (no cloak)
rCorr  .         Warding  .     (no gloves)
rMut   .         Stasis   .     (no boots)
MR     .....                    (no amulet)
Stlth  ..........               (no ring)
                                k - ring of see invisible

@: lethally poisoned (0 -> -4), not resistant to hostile enchantments, extremely
unstealthy
A: retaliatory headbutt, horns 2
a: Depart the Abyss, Renounce Religion


You were on level 2 of the Dungeon.
You worshipped Lugonu.
Lugonu was aware of your devotion.
You were not hungry.

You visited 1 branch of the dungeon, and saw 2 of its levels.
You visited the Abyss 1 time.

You collected 40 gold pieces.

Inventory:

Hand Weapons
 b - a +1 mace (weapon)
Missiles
 g - 55 stones (quivered)
Armour
 f - a +0 ring mail (worn)
Jewellery
 k - a ring of see invisible (left hand)
Potions
 j - 2 potions of lignification
Comestibles
 c - a bread ration


   Skills:
 + Level 3.9 Fighting
 * Level 3.0 Maces & Flails
 + Level 1.0 Throwing
 + Level 3.1 Armour
 - Level 1.1 Dodging
 + Level 2.1 Invocations


You had 2 spell levels left.
You didn't know any spells.

Dungeon Overview and Level Annotations

Branches:
Dungeon (2/15)

Altars:


Innate Abilities, Weirdness & Mutations

You reflexively headbutt those who attack you in melee.
You have a pair of horns on your head.


Message History

Lugonu accepts your kill.
Your Throwing skill increases to level 1!
Your Armour skill increases to level 3!
You have reached level 3!
Your experience leads to an increase in your attributes!
Increase (S)trength, (I)ntelligence, or (D)exterity?
You feel agile.
ATTACK MOVE TO (0,1)
You feel sick.
ATTACK MOVE TO (0,-1) ATTACK MOVE TO (0,1)
You feel sick.
ATTACK MOVE TO (1,0)
You feel sick.
ATTACK MOVE TO (1,0) ATTACK MOVE TO (1,0) ATTACK MOVE TO (-1,0)
You feel sick.
ATTACK MOVE TO (-1,0) ATTACK MOVE TO (-1,0)
You die...

#.##......## #...#..?..
#....%.....# #.%...#...
#.##.).....# #.......# .
#.###.##.#<# #.......#..
..###.##.#.######.....#.(.#
#.##...#.#..........#......
#.#......#######..#.....?..
#........# #.%....(#.#.
).#.....## #H........#
####...## ########### ##.##
#.# #####.# ......# #######


There were no monsters in sight!

Table legend:
 A = Turns spent in this place as a percentage of turns spent in the entire game.
 B = Non-inter-level travel turns spent in this place as a percentage of non-inter-level travel turns spent in the entire game.
 C = Inter-level travel turns spent in this place as a percentage of turns spent in this place.
 D = Turns resting spent in this place as a percentage of non-inter-level travel turns spent in this place.
 E = Turns spent auto-exploring this place as a percentage of non-inter-level travel turns spent in this place.
 F = Non-inter-level travel turns spent in this place divided by the number of levels of this place that you've seen.
                   A       B       C       D       E      F
               +-------+-------+-------+-------+-------+----------------------
         Total | 100.0 | 100.0 |   0.1 |   0.7 |   3.2 | 469.7
       Dungeon |  98.9 |  98.9 |   0.1 |   0.7 |   3.2 | 696.5
         Abyss |   1.1 |   1.1 |   0.0 |   0.0 |   6.2 |  16.0
               +-------+-------+-------+-------+-------+----------------------

Table legend:
 A = Kills in this place as a percentage of kills in entire the game.
 B = Kills by you in this place as a percentage of kills by you in the entire game.
 C = Kills by friends in this place as a percentage of kills by friends in the entire game.
 D = Other kills in this place as a percentage of other kills in the entire game.
 E = Experience gained in this place as a percentage of experience gained in the entire game.
 F = Experience gained in this place divided by the number of levels of this place that you have seen.
                   A       B       C       D       E      F
               +-------+-------+-------+-------+-------+----------------------
         Total | 100.0 | 100.0 |  -nan |  -nan | 100.0 |  18.0
       Dungeon | 100.0 | 100.0 |  -nan |  -nan | 100.0 |  27.0
               +-------+-------+-------+-------+-------+----------------------

Vanquished Creatures
  2 adders (D:2)
  A ball python (D:2)
  6 hobgoblins
  2 jackals (D:2)
  A kobold (D:2)
  3 bats
  A giant cockroach (D:1)
  A goblin (D:2)
  A rat (D:1)
18 creatures vanquished.

Notes
Turn   | Place    | Note
--------------------------------------------------------------
     0 | Abyss:1  | gw the Minotaur Abyssal Knight began the quest for the Orb.
     0 | Abyss:1  | Reached XP level 1. HP: 19/19 MP: 1/1
     5 | Abyss:1  | Noticed a wretched star
     5 | D:1      | Escaped the Abyss
   112 | D:1      | Reached * piety under Lugonu
   789 | D:2      | Reached XP level 2. HP: 24/27 MP: 2/2
   962 | D:2      | Reached skill level 1 in Throwing
   962 | D:2      | Reached XP level 3. HP: 4/33 MP: 3/3
   969 | D:2      | HP: 1/33 [poisoned by an adder]
   971 | D:2      | Succumbed to an adder's poison

Action                   || total
-------------------------++-------
Melee: Mace              ||    40
Throw: Stone             ||    18
Invok: Depart the Abyss  ||     1
  Use: Scroll            ||     5
       Potion            ||     5

Vault maps used:
D:1:      evilmike_arrival_plus
D:2:      minmay_kobold_bridge, lemuel_blue_sif_altar, fountainhead,
          minmay_misc_feat_more_columns, uniq_robin
